 Dungeon Crawl Stone Soup version 0.27.1-1-g398f81649c (webtiles) character file.

Game seed: 593400547958022160

812 101zpm the Covered (level 7, -5/44 HPs)
             Began as a Gargoyle Fighter on Sept 17, 2021.
             Was a Follower of Makhleb.
             Slain by a wraith (8 damage)
             ... on level 5 of the Dungeon.
             The game lasted 00:10:16 (6732 turns).

101zpm the Covered (Gargoyle Fighter)               Turns: 6732, Time: 00:10:16

Health: -5/44      AC: 13    Str: 22    XL:     7   Next: 93%
Magic:  7/7        EV:  8    Int:  8    God:    Makhleb [*.....]
Gold:   166        SH: 10    Dex:  9    Spells: 6/6 levels left

rFire    . . .     SeeInvis .   g - +1 spear (venom)
rCold    . . .     Faith    .   c - +0 kite shield
rNeg     + + .     Spirit   .   b - +0 scale mail
rPois    ∞         Reflect  .   (no helmet)
rElec    +         Harm     .   (no cloak)
rCorr    .         Rampage  .   (no gloves)
Will     .....                  i - +0 pair of boots
Stlth    ..........             (no amulet)
HPRegen  0.14/turn              h - ring of positive energy
MPRegen  0.10/turn              (no ring)

@: slowed, very slow
A: sickness immunity, AC +4, negative energy resistance 1, electricity
resistance, torment resistance 1, petrification resistance
a: Renounce Religion


You were on level 5 of the Dungeon.
You worshipped Makhleb.
Makhleb was aware of your devotion.
You visited 1 branch of the dungeon, and saw 5 of its levels.

You collected 166 gold pieces.

Inventory:

Hand Weapons
 a - a +0 flail
 g - a +1 spear of venom (weapon)
Missiles
 f - 134 stones (quivered)
 k - 10 boomerangs
 l - 4 atropa-tipped darts
 m - 29 poisoned darts
 n - 23 sling bullets
 p - 8 javelins
Armour
 b - a +0 scale mail (worn)
 c - a +0 kite shield (worn)
 i - a +0 pair of boots (worn)
Jewellery
 h - a ring of positive energy (left hand)
Scrolls
 e - 2 scrolls of identify
 j - a scroll of vulnerability
 o - 2 scrolls of amnesia
 r - a scroll of holy word
 s - a scroll of fear {unknown}
 v - a scroll of immolation {unknown}
Potions
 d - 2 potions of might
 q - a potion of attraction
 t - 2 potions of flight {unknown}
 u - a potion of curing {unknown}


   Skills:
 + Level 4.7 Fighting
 * Level 3.4 Maces & Flails
 + Level 3.5 Polearms
 + Level 5.4 Armour
 + Level 1.3 Dodging
 + Level 1.6 Stealth
 + Level 5.4 Shields


You had 6 spell levels left.
You didn't know any spells.
Your spell library contained the following spells:

 Spells                   Type           Power      Damage    Failure   Level
 Foxfire                  Conj/Fire      0%         2x1d4     98%         1
 Ensorcelled Hibernation  Hex/Ice        0%         N/A       99%         2
 Ignite Poison            Fire/Tmut/Pois 0%         N/A       100%        3
 Mephitic Cloud           Conj/Pois/Air  0%         N/A       100%        3
 Bolt of Magma            Conj/Fire/Erth 0%         4d4       100%        5
 Starburst                Conj/Fire      0%         6d3       100%        6


Dungeon Overview and Level Annotations

Branches:
Dungeon (5/15)
 Temple: D:4-7

Altars:
Ashenzari
Makhleb
Qazlal
The Shining One

Shops:
D:4 (

Annotations:
D:4 Menkaure


Innate Abilities, Weirdness & Mutations

You are immune to sickness and miasma.
Your stone body is resilient. (AC +4)
You are immune to poison.
You resist negative energy. (rN+)
You are resistant to electric shocks. (rElec)
You are resistant to unholy torment.
You are immune to petrification.


Message History

The wraith hits you but does no damage.
You closely miss the wraith.
The wraith is lightly damaged.
The wraith hits you but does no damage.
You hit the wraith.
The wraith is lightly damaged.
The wraith barely misses you.
You hit the wraith but do no damage.
The wraith is lightly damaged.
You block the wraith's attack.
You hit the wraith but do no damage.
The wraith is lightly damaged.
The wraith barely misses you. You block the wraith's attack.
You closely miss the wraith.
The wraith is lightly damaged.
The wraith hits you!
* * * LOW HITPOINT WARNING * * *
The wraith drains your vigour!
You feel yourself slow down.
You barely miss the wraith.
The wraith is lightly damaged.
You block the wraith's attack.
You hit the wraith.
The wraith is moderately damaged.
The wraith barely misses you. The wraith hits you but does no damage.
You barely miss the wraith.
The wraith is moderately damaged.
The wraith hits you.
* * * LOW HITPOINT WARNING * * *
You block the wraith's attack.
You hit the wraith but do no damage.
The wraith is moderately damaged.
The wraith hits you but does no damage. The wraith closely misses you.
You closely miss the wraith.
The wraith is moderately damaged.
You feel yourself speed up. The wraith hits you.
* * * LOW HITPOINT WARNING * * *
The wraith drains your vigour!
You feel yourself slow down. The wraith hits you!
You die...

.......#
#.###...#.# #.#
......##
#.##.###..# #.#
......# ######
#..# #.# ......#
##..###.## #.#
#..####
+...)#.## #.#
#.## #....###
#.# #.# #..####
#.# #.#
#†#..#### #.#
#.# ##W@.)'.#
#.# #.# #...)#.#
#.# ###
##..##.#######.#
#+###.........#
#.......#### ###
####.##.# #.#
####.##.# #.#
#.##.##.# ..#
###.##.##.#


You could see a wraith.

Vanquished Creatures
  A water moccasin (D:5)
  2 ogres
  4 scorpions (D:5)
  A hound (D:4)
  A centaur skeleton (D:5)
  An iguana (D:5)
  An orc wizard (D:3)
  3 gnolls (D:3)
  10 adders
  7 orcs
  7 endoplasms
  3 giant cockroaches (D:4)
  7 goblins
  4 hobgoblins
  5 jackals
  4 quokkas
  13 ball pythons
  4 bats
  4 frilled lizards (D:3)
  3 kobolds (D:1)
  5 rats
90 creatures vanquished.

Notes
Turn   | Place    | Note
-------+----------+-------------------------------------------
     0 | D:1      | 101zpm the Gargoyle Fighter began the quest for the Orb.
     0 | D:1      | Reached XP level 1. HP: 14/14 MP: 1/1
   976 | D:1      | Reached XP level 2. HP: 16/19 MP: 2/2
  1343 | D:1      | Found a faded altar of an unknown god.
  1929 | D:3      | Reached XP level 3. HP: 21/24 MP: 3/3
  1981 | D:4      | Noticed Menkaure
  2203 | D:3      | Found a glowing golden altar of the Shining One.
  2254 | D:3      | Reached XP level 4. HP: 23/29 MP: 4/4
  2268 | D:3      | Reached skill level 1 in Polearms
  2444 | D:3      | Got the Tome of Igneous Snow
  2617 | D:3      | Reached XP level 5. HP: 33/33 MP: 5/5
  2642 | D:3      | Found a stormy altar of Qazlal.
  2724 | D:3      | Found a burning altar of Makhleb.
  2727 | D:3      | Became a worshipper of Makhleb the Destroyer
  4077 | D:4      | Noticed an ogre
  4121 | D:4      | Killed an ogre
  4122 | D:4      | Reached XP level 6. HP: 13/39 MP: 6/6
  4970 | D:4      | Found Duerucixt's Antique Weapon Boutique.
  5049 | D:4      | Reached skill level 1 in Dodging
  5049 | D:4      | Reached skill level 1 in Stealth
  5426 | D:5      | Entered Level 5 of the Dungeon
  5471 | D:5      | Noticed a water moccasin
  5487 | D:5      | Killed a water moccasin
  5488 | D:5      | Reached XP level 7. HP: 41/44 MP: 7/7
  5507 | D:5      | Noticed a troll
  5544 | D:4      | HP: 2/44 [troll (5)]
  5925 | D:5      | Reached skill level 5 in Shields
  6018 | D:5      | Reached skill level 5 in Armour
  6107 | D:5      | Reached * piety under Makhleb
  6157 | D:5      | Found a broken altar of Ashenzari.
  6707 | D:5      | Noticed a wraith
  6731 | D:5      | HP: 2/44 [wraith (6)]
  6732 | D:5      | Slain by a wraith

Illustrated notes

Levels and vault maps discovered:
D:1:      dpeg_arrival_line_fractal, layout_basic, basic_ecumenical_altar
D:2:      layout_loops_ring
D:3:      layout_loops_cross, mainiacjoe_overflow_swirl, tso_altar,
          grunt_ministairs_10
D:4:      layout_basic, serial_shops, shop, gup_sewer_entry_glass, uniq_menkaure
D:5:      minmay_bubble_buster, layout_loops_ring, mainiacjoe_overflow_24_doors

Skill      XL: |  1  2  3  4  5  6  7 |
---------------+----------------------+-----
Armour         | 4 5 |  5.4
Polearms       | 1 2 3 |  3.5
Fighting       | 4 |  4.7
Shields        | 4 5 |  5.4
Dodging        | 1 |  1.3
Stealth        | 1 |  1.6
Maces & Flails | 3 |  3.4

Action                   |  1- 3 |  4- 6 |  7- 9 || total
-------------------------+-------+-------+-------++-------
Melee: Flail             |    53 |       |       ||    53
       Spear             |    51 |   182 |    68 ||   301
  Use: Scroll            |     1 |       |     4 ||     5
Armor: Scale mail        |    37 |    58 |    39 ||   134
Dodge: Dodged            |    23 |    41 |    19 ||    83
Block: Kite shield       |    51 |    71 |    37 ||   159
